[Event "Titled Tuesday Blitz December 13 Late 2022"]
[White "Kanyamarala, Trisha"]
[Black "Bernabeu Lopez, Carlos Javier"]
[WhiteFideId "45004722"]
[BlackFideId "2235366"]
[WhiteElo "2135"]
[BlackElo "2324"]
[Result "1-0"]
[Round "04"]
[TimeControl "180+1"]
[Date "2022.12.14"]
[WhiteClock "0:00:35"]
[BlackClock "0:00:37"]

1. c4 e6 2. Nc3 d5 3. e3 Nf6 4. Nf3 Be7 5. b3 O-O 6. Bb2 b6 7. Be2 Bb7 8. O-O c5 9. cxd5 Nxd5 10. d4 Nc6 11. Rc1 Rc8 12. Ne4 f5 13. Nc3 Nxc3 14. Bxc3 cxd4 15. Nxd4 Nxd4 16. Bxd4 Rxc1 17. Qxc1 Bd6 18. Bc4 Qe7 19. Qb2 Kh8 20. Be5 Bc5 21. Rd1 a6 22. b4 Bxb4 23. Bxe6 Bc5 24. Rd7 Rd8 25. Bxg7+ Qxg7 26. Qxg7# 1-0


[Site "https://www.chess.com"]

[Event "Titled Tuesday Blitz December 13 Late 2022"]
[White "Kaplan, Avi Harrison"]
[Black "Thiel, Thomas"]
[WhiteFideId "30934559"]
[BlackFideId "4615964"]
[WhiteElo "1983"]
[BlackElo "2200"]
[Result "0-1"]
[Round "04"]
[TimeControl "180+1"]
[Date "2022.12.14"]
[WhiteClock "0:00:13"]
[BlackClock "0:00:35"]

1. e4 d5 2. exd5 Nf6 3. Nf3 Nxd5 4. d4 g6 5. Bd3 Bg7 6. O-O O-O 7. c3 Nc6 8. Re1 h6 9. h3 Re8 10. Nbd2 e5 11. dxe5 Nxc3 12. Qc2 Nb4 13. Qxc3 Nxd3 14. Re3 Nf4 15. Ne4 Nd5 16. Qb3 Nxe3 17. Bxe3 Be6 18. Qc2 Bf5 19. g4 Bxe4 20. Qxe4 c6 21. Kg2 Qd5 22. Qxd5 cxd5 23. Bd4 a6 24. Rd1 Rac8 25. Bc3 Red8 26. Kg3 Rc4 27. Kg2 d4 28. Ba5 Rd5 29. Bc3 Bxe5 30. Nxe5 Rxe5 31. Rxd4 Rxd4 32. Bxd4 Rd5 33. Bc3 Rd3 34. h4 h5 35. g5 Kf8 36. f3 Ke7 37. Kf2 Ke6 38. Ke2 Rd5 39. Ke3 Kf5 40. a3 b5 41. Bb4 Rd7 42. Bc3 Rc7 43. Bd4 Rc4 44. b3 Rc2 45. a4 bxa4 46. bxa4 Ra2 47. Kd3 Rxa4 48. Bf2 Rf4 49. Ke2 a5 50. Bg3 a4 51. Kd3 a3 52. Bxf4 Kxf4 53. Kd4 Kxf3 54. Kd5 a2 55. Kd6 a1=Q 56. Ke7 Qa2 57. Kf6 Qe6+ 58. Kg7 Kg4 59. Kh6 Kxh4 60. Kg7 Kxg5 61. Kf8 h4 62. Kg7 h3 63. Kh7 h2 64. Kg8 h1=Q 65. Kf8 Qh8# 0-1


[Site "https://www.chess.com"]

[Event "Titled Tuesday Blitz December 13 Late 2022"]
[White "Kazakouski, Valery"]
[Black "Miller, Luke C"]
[WhiteFideId "13507443"]
[BlackFideId "2096935"]
[WhiteElo "2516"]
[BlackElo "2505"]
[Result "1-0"]
[Round "04"]
[TimeControl "180+1"]
[Date "2022.12.14"]
[WhiteClock "0:02:41"]
[BlackClock "0:00:03"]

1. Nf3 Nf6 2. c4 g6 3. g3 Bg7 4. Bg2 O-O 5. O-O d6 6. d4 Nc6 7. Nc3 a6 8. d5 Na5 9. b3 c5 10. dxc6 Nxc6 11. Bb2 Rb8 12. Qc1 Bd7 13. Rd1 b5 14. Nd5 Nxd5 15. Bxg7 Kxg7 16. cxd5 Ne5 17. Nxe5 dxe5 18. Qc3 f6 19. d6 e6 20. Rac1 Rc8 21. Qe3 Qa5 22. Qa7 Rf7 23. Rxc8 Bxc8 24. d7 Qd8 25. Bc6 h5 26. Qb8 1-0


[Site "https://www.chess.com"]

[Event "Titled Tuesday Blitz December 13 Late 2022"]
[White "Keymer, Vincent"]
[Black "Riff, Vincent"]
[WhiteFideId "12940690"]
[BlackFideId "617776"]
[WhiteElo "2600"]
[BlackElo "2369"]
[Result "1-0"]
[Round "04"]
[TimeControl "180+1"]
[Date "2022.12.13"]
[WhiteClock "0:00:16"]
[BlackClock "0:00:21"]

1. d4 d5 2. c4 c6 3. Nf3 Nf6 4. e3 Bf5 5. Nc3 e6 6. Nh4 Be4 7. f3 Bg6 8. Bd2 Nbd7 9. Nxg6 hxg6 10. cxd5 Nxd5 11. Qb3 Qc7 12. O-O-O O-O-O 13. g3 Kb8 14. Kb1 Nxc3+ 15. Bxc3 Bd6 16. Be2 Nf6 17. e4 Nd7 18. f4 Be7 19. h4 Ka8 20. Bf3 Rhe8 21. Rc1 Qb6 22. Qc2 Bb4 23. Rhd1 Bxc3 24. Qxc3 Nf6 25. Rd3 Rd7 26. d5 exd5 27. exd5 Qb5 28. a4 Qa6 29. Rd4 c5 30. d6 Qb6 31. a5 Qd8 32. Qxc5 a6 33. Rc3 Qb8 34. Qb6 Qa7 35. Rc7 Qxb6 36. axb6 Red8 37. Bxb7+ Kb8 38. Bxa6 Rxd6 39. Rxd6 1-0


[Site "https://www.chess.com"]

[Event "Titled Tuesday Blitz December 13 Late 2022"]
[White "Kim, Sergey"]
[Black "Paravyan, David"]
[WhiteFideId "13700570"]
[BlackFideId "4194985"]
[WhiteElo "2621"]
[BlackElo "2551"]
[Result "1/2-1/2"]
[Round "04"]
[TimeControl "180+1"]
[Date "2022.12.13"]
[WhiteClock "0:00:34"]
[BlackClock "0:00:27"]

1. d4 Nf6 2. c4 g6 3. Nc3 d5 4. cxd5 Nxd5 5. e4 Nxc3 6. bxc3 Bg7 7. Bc4 c5 8. Ne2 O-O 9. O-O Nc6 10. Be3 Bg4 11. f3 Na5 12. Bd3 cxd4 13. cxd4 Be6 14. Qd2 Nc4 15. Bxc4 Bxc4 16. Rfd1 Rc8 17. Ng3 h5 18. Bh6 e6 19. Bxg7 Kxg7 20. Qf4 h4 21. Nf1 Bxf1 22. Kxf1 Qf6 23. Qe3 Rfd8 24. Rd2 b5 25. Rad1 b4 26. Kg1 Rc3 27. Rd3 Rdc8 28. d5 exd5 29. exd5 Rxd3 30. Qxd3 h3 31. gxh3 Qd6 32. Qd4+ Kh7 33. Rd2 a5 34. f4 Kg8 35. Qe5 Qxe5 36. fxe5 Kf8 37. d6 Rb8 38. Kf2 a4 39. Ke3 b3 40. axb3 axb3 41. Rb2 Ke8 42. Kd4 Kd7 43. Kc4 f6 44. exf6 Kxd6 45. Rxb3 Rxb3 46. Kxb3 Ke6 47. Kc3 Kxf6 48. Kd3 Kg5 49. Ke3 Kh4 50. Kf4 Kxh3 51. Kg5 Kxh2 52. Kxg6 1/2-1/2


[Site "https://www.chess.com"]

[Event "Titled Tuesday Blitz December 13 Late 2022"]
[White "Kovacevic, Radmila"]
[Black "D`Arruda, Ricardo D."]
[WhiteFideId "933171"]
[BlackFideId "100692"]
[WhiteElo "2244"]
[BlackElo "2419"]
[Result "0-1"]
[Round "04"]
[TimeControl "180+1"]
[Date "2022.12.14"]
[WhiteClock "0:00:02"]
[BlackClock "0:01:14"]

1. e4 c5 2. Be2 Nc6 3. f4 d5 4. d3 dxe4 5. dxe4 Qxd1+ 6. Bxd1 Nf6 7. e5 Nd5 8. c3 Bf5 9. Na3 e6 10. Ne2 O-O-O 11. Ng3 Bd3 12. Bb3 Be7 13. Kf2 h5 14. Rd1 Bg6 15. f5 Bh7 16. Bxd5 Rxd5 17. Rxd5 exd5 18. Nxh5 Bxf5 19. Nxg7 Bg6 20. g4 Rxh2+ 21. Kg3 Rh1 22. Nb5 Bg5 23. Nd6+ Kb8 24. Bxg5 Rxa1 25. Bf4 Ka8 26. Ngf5 Rxa2 27. Nh4 Nd8 28. Nxg6 fxg6 29. b4 Ra3 30. Nb5 cxb4 31. Nxa3 bxa3 0-1


[Site "https://www.chess.com"]

[Event "Titled Tuesday Blitz December 13 Late 2022"]
[White "Kozak, Adam"]
[Black "Nakamura, Hikaru"]
[WhiteFideId "753246"]
[BlackFideId "2016192"]
[WhiteElo "2460"]
[BlackElo "2909"]
[Result "1/2-1/2"]
[Round "04"]
[TimeControl "180+1"]
[Date "2022.12.13"]
[WhiteClock "0:00:21"]
[BlackClock "0:00:19"]

1. d4 Nf6 2. c4 e6 3. Nc3 Bb4 4. e3 O-O 5. Bd3 c5 6. Ne2 d5 7. O-O dxc4 8. Bxc4 cxd4 9. exd4 h6 10. a3 Be7 11. Bf4 Nbd7 12. Bb3 Nb6 13. Qd3 Bd6 14. Bc2 Re8 15. Be5 Bxe5 16. dxe5 Qxd3 17. Bxd3 Nfd7 18. f4 Nc5 19. Bc2 Bd7 20. b4 Nca4 21. Nxa4 Bxa4 22. Be4 Bb5 23. Rfe1 Bxe2 24. Rxe2 Re7 25. Rc1 Rd8 26. Rec2 g5 27. fxg5 hxg5 28. Rc7 Rdd7 29. Rxd7 Rxd7 30. Kf2 Kg7 31. g3 Rd2+ 32. Kf3 Nd7 33. Kg4 Rd4 34. Kf3 Nxe5+ 35. Ke3 Rd7 36. Rc5 Kf6 37. a4 b6 38. Rc2 Ng4+ 39. Kf3 Rd4 40. a5 Ne5+ 41. Ke3 Rxb4 42. a6 Ng4+ 43. Kd3 Ne5+ 44. Ke3 Nd7 45. Rc7 Nc5 46. Bc6 Rb3+ 47. Kd4 Ra3 48. Be8 Rd3+ 49. Kc4 Rd8 50. Rxf7+ Ke5 51. Bb5 Rd4+ 52. Kc3 Ne4+ 53. Kb3 Nd6 54. Rxa7 Nxb5 55. Rb7 Rd6 56. Kb4 Nd4 57. a7 Nc6+ 58. Kb5 Nxa7+ 59. Rxa7 Rd2 60. h4 gxh4 61. gxh4 Rb2+ 62. Kc4 Ke4 63. Ra3 Rc2+ 64. Kb5 Rb2+ 65. Kc4 b5+ 66. Kc5 b4 67. Rh3 b3 68. h5 Rb1 69. Kb4 b2 70. Kb3 Rf1 71. Kxb2 Rf7 72. Kc3 Rd7 73. h6 Rh7 74. Kc4 e5 75. Kc3 Kf4 76. Kd2 Ke4 77. Ke2 Kf4 78. Rh4+ Kg5 79. Rh1 Rxh6 80. Rxh6 Kxh6 81. Kf3 Kg5 82. Ke4 Kf6 83. Ke3 Ke6 84. Kf3 Kf5 85. Ke3 e4 86. Ke2 Kf4 87. Kf2 Ke5 88. Ke3 Kd5 89. Ke2 Kd4 90. Kd2 e3+ 91. Ke2 Ke4 92. Ke1 Kf5 93. Ke2 Kf4 94. Ke1 Ke4 95. Ke2 Kd4 96. Ke1 Kd3 97. Kd1 e2+ 98. Ke1 Ke3 1/2-1/2


[Site "https://www.chess.com"]

[Event "Titled Tuesday Blitz December 13 Late 2022"]
[White "Kravtsiv, Martyn"]
[Black "Xiong, Jeffery"]
[WhiteFideId "14113147"]
[BlackFideId "2047640"]
[WhiteElo "2695"]
[BlackElo "2726"]
[Result "1-0"]
[Round "04"]
[TimeControl "180+1"]
[Date "2022.12.13"]
[WhiteClock "0:00:30"]
[BlackClock "0:00:06"]

1. e4 c5 2. Nf3 d6 3. Bb5+ Nc6 4. O-O Bd7 5. Re1 Nf6 6. c3 a6 7. Bf1 Bg4 8. h3 Bxf3 9. Qxf3 e6 10. d3 Be7 11. Be3 O-O 12. Nd2 b5 13. a4 b4 14. d4 bxc3 15. bxc3 cxd4 16. cxd4 d5 17. e5 Nd7 18. Qg4 Re8 19. Nf3 Nb4 20. Rec1 Rc8 21. h4 Qb6 22. h5 Nc2 23. Bh6 g6 24. Rab1 Nb4 25. hxg6 hxg6 26. Bg5 Bf8 27. Qh4 Rxc1 28. Rxc1 Bg7 29. Rc3 Na2 30. Re3 Rc8 31. Be7 Rc1 32. Ng5 Nf8 33. Qf4 Rxf1+ 34. Kxf1 Qb1+ 35. Re1 Qf5 36. Qxf5 gxf5 37. Rb1 Nc3 38. Ra1 Ng6 39. Bb4 Ne4 40. Nxe4 fxe4 41. g3 f6 42. exf6 Bxf6 43. Bc3 Ne7 44. Rb1 Nf5 45. Rb6 Kf7 46. Rxa6 Nxd4 47. Rb6 e5 48. a5 Bd8 49. Rb7+ Ke6 50. a6 1-0


[Site "https://www.chess.com"]

[Event "Titled Tuesday Blitz December 13 Late 2022"]
[White "Kujawski, Adam"]
[Black "Chlpik, Martin"]
[WhiteFideId "1100920"]
[BlackFideId "14923351"]
[WhiteElo "2054"]
[BlackElo "2109"]
[Result "1-0"]
[Round "04"]
[TimeControl "180+1"]
[Date "2022.12.14"]
[WhiteClock "0:00:09"]
[BlackClock "0:00:10"]

1. e4 c5 2. Nf3 d6 3. d4 cxd4 4. Nxd4 Nf6 5. Nc3 a6 6. Bg5 Nbd7 7. Bc4 Qb6 8. O-O Qxb2 9. Qd2 e6 10. Rab1 Qa3 11. Rfe1 Qa5 12. Bd5 exd5 13. exd5+ Ne5 14. f4 Nd7 15. fxe5 dxe5 16. Nf5 f6 17. Be3 Nc5 18. Ng3 Bd6 19. Nce4 Qc7 20. Kh1 Nxe4 21. Nxe4 O-O 22. c4 Bf5 23. Nxd6 Bxb1 24. Rxb1 Qxd6 25. c5 Qd7 26. d6 Rac8 27. Qd5+ Kh8 28. Rxb7 Qa4 29. d7 Rcd8 30. c6 Qg4 31. h3 Qg3 32. Bb6 Qe1+ 33. Kh2 1-0


[Site "https://www.chess.com"]

[Event "Titled Tuesday Blitz December 13 Late 2022"]
[White "Kuzmicz, Krystian"]
[Black "Sjugirov, Sanan"]
[WhiteFideId "1119125"]
[BlackFideId "4189302"]
[WhiteElo "2379"]
[BlackElo "2613"]
[Result "0-1"]
[Round "04"]
[TimeControl "180+1"]
[Date "2022.12.13"]
[WhiteClock "0:00:13"]
[BlackClock "0:00:40"]

1. e4 c5 2. d3 Nc6 3. g3 g6 4. Bg2 Bg7 5. f4 d6 6. Nf3 Bg4 7. h3 Bxf3 8. Qxf3 Nf6 9. Nc3 Rb8 10. g4 Nd7 11. O-O b5 12. f5 O-O 13. g5 b4 14. Nd5 e6 15. Ne3 Nd4 16. Qf2 exf5 17. exf5 f6 18. fxg6 fxg5 19. gxh7+ Kh8 20. Qe1 Ne5 21. c3 Ndf3+ 22. Bxf3 Nxf3+ 23. Rxf3 Rxf3 24. Kg2 Qf8 25. Qe2 Rf7 26. Bd2 bxc3 27. bxc3 Re8 28. Re1 d5 29. d4 cxd4 30. cxd4 Rf4 31. Kh1 Qf7 32. Qg2 Bxd4 33. Nxd5 Rxe1+ 34. Bxe1 Rf1+ 35. Kh2 Rxe1 36. Qxg5 Qf2+ 0-1


[Site "https://www.chess.com"]

[Event "Titled Tuesday Blitz December 13 Late 2022"]
[White "Lacasa Diaz, Jose Antonio"]
[Black "Sivakumar, Shaaketh"]
[WhiteFideId "2203375"]
[BlackFideId "30940176"]
[WhiteElo "2338"]
[BlackElo "2174"]
[Result "1-0"]
[Round "04"]
[TimeControl "180+1"]
[Date "2022.12.14"]
[WhiteClock "0:00:09"]
[BlackClock "0:00:22"]

1. e4 c5 2. Nf3 d6 3. d4 cxd4 4. Nxd4 Nf6 5. Nc3 a6 6. Be3 e6 7. g4 e5 8. Nf5 g6 9. Bg2 gxf5 10. exf5 Rg8 11. h3 Nc6 12. Qe2 Bd7 13. O-O-O Qa5 14. Kb1 O-O-O 15. g5 Bxf5 16. Bxc6 bxc6 17. gxf6 d5 18. Qf3 Be6 19. Bd2 Qb6 20. Na4 Qb5 21. Nc3 Qb7 22. Qe2 Bd6 23. Qh5 Kc7 24. Qxh7 Rb8 25. b3 c5 26. Na4 Qb5 27. Qd3 Qxa4 28. Rhg1 Qd4 29. Qxa6 Ra8 30. Ba5+ Kd7 31. Qb5+ Kc8 32. Rxg8+ Bf8 33. Rxf8# 1-0


[Site "https://www.chess.com"]

[Event "Titled Tuesday Blitz December 13 Late 2022"]
[White "Ladan, Nicholas"]
[Black "Topalov, Aleksandar"]
[WhiteFideId "30918855"]
[BlackFideId "925659"]
[WhiteElo "2167"]
[BlackElo "2151"]
[Result "0-1"]
[Round "04"]
[TimeControl "180+1"]
[Date "2022.12.14"]
[WhiteClock "0:00:14"]
[BlackClock "0:00:05"]

1. e3 d5 2. Nc3 c6 3. f4 Nf6 4. Nf3 Bf5 5. b3 e6 6. Bb2 Nbd7 7. Bd3 Bxd3 8. cxd3 Qb6 9. d4 Be7 10. O-O O-O 11. Ne5 Nxe5 12. fxe5 Nd7 13. Qh5 f5 14. exf6 Nxf6 15. Qh3 c5 16. Na4 Qc6 17. Nxc5 Bxc5 18. dxc5 Ne4 19. Qg4 Qd7 20. d3 Nxc5 21. Rxf8+ Rxf8 22. Ba3 Rc8 23. Qd4 b6 24. b4 Nb7 25. Bb2 Nd6 26. Qe5 Nf5 27. Rc1 Rxc1+ 28. Bxc1 Qc8 29. Bb2 Qd7 30. Qb8+ Kf7 31. Qe5 Kg8 32. a4 h6 33. a5 bxa5 34. bxa5 Kh7 35. h3 Qf7 36. Kh2 Nh4 37. Bd4 a6 38. e4 Qg6 39. Qg3 Qxg3+ 40. Kxg3 Ng6 41. Kg4 Kg8 42. exd5 exd5 43. Kf5 Kf7 44. g3 Ne7+ 45. Ke5 Nc6+ 46. Kxd5 Nxa5 47. Be5 Nb3 48. Bc3 a5 49. Kc4 a4 50. Kb4 Nc1 51. d4 Ne2 52. g4 Ke6 53. Kc5 Nxc3 54. Kc4 Nd5 55. Kc5 a3 56. Kc4 a2 57. Kd3 a1=Q 58. Ke4 Qa2 59. Kf3 Qb3+ 60. Ke4 Qc4 61. Kf3 Qd3+ 62. Kg2 Qxd4 63. Kg3 Qf4+ 64. Kh4 g5+ 65. Kh5 Qf7+ 66. Kxh6 Qf6+ 67. Kh5 Ne7 68. h4 Qg6# 0-1


[Site "https://www.chess.com"]

[Event "Titled Tuesday Blitz December 13 Late 2022"]
[White "Levine, David"]
[Black "Barbot, Pierre"]
[WhiteFideId "2011611"]
[BlackFideId "663727"]
[WhiteElo "2142"]
[BlackElo "2439"]
[Result "0-1"]
[Round "04"]
[TimeControl "180+1"]
[Date "2022.12.14"]
[WhiteClock "0:00:37"]
[BlackClock "0:00:08"]

1. d4 Nf6 2. c4 e6 3. g3 d5 4. Bg2 dxc4 5. Nf3 Nc6 6. Qa4 Bb4+ 7. Bd2 Qe7 8. Ne5 O-O 9. Nxc6 Bxd2+ 10. Nxd2 bxc6 11. Qxc4 Rb8 12. Nb3 Rb4 13. Qc2 Nd5 14. O-O e5 15. e3 exd4 16. Nxd4 Nxe3 17. Nxc6 Nxc2 18. Nxe7+ Kh8 19. Rab1 Be6 20. Nd5 Rd4 21. Nxc7 Bxa2 22. Ra1 Nxa1 23. Rxa1 Bc4 24. h3 Rd7 25. Na6 Bxa6 26. Rxa6 h6 27. Be4 g6 28. b4 Rb8 29. Bc6 Re7 30. b5 Kg7 31. h4 Rb6 32. Kg2 Rxa6 33. bxa6 Re6 34. Bb5 Rb6 35. Bc4 Kf6 36. Kf3 Ke7 37. Ke3 f6 38. Kd4 Kd6 39. f3 g5 40. hxg5 fxg5 41. f4 gxf4 42. gxf4 Ke7 43. f5 Kf6 0-1


[Site "https://www.chess.com"]

[Event "Titled Tuesday Blitz December 13 Late 2022"]
[White "Martinez Reyes, Pedro Ramon"]
[Black "Vargas, Mauricio"]
[WhiteFideId "3901807"]
[BlackFideId "4404572"]
[WhiteElo "2354"]
[BlackElo "2025"]
[Result "1-0"]
[Round "04"]
[TimeControl "180+1"]
[Date "2022.12.14"]
[WhiteClock "0:01:42"]
[BlackClock "0:00:38"]

1. d4 d5 2. Bf4 h5 3. h4 g6 4. Nd2 Bg7 5. Ngf3 f6 6. e4 dxe4 7. Nxe4 Nh6 8. Nc5 O-O 9. Bc4+ Kh7 10. Qe2 Nf5 11. O-O-O Nc6 12. c3 a6 13. Ne6 Bxe6 14. Bxe6 b5 15. g4 hxg4 16. Ng5+ Kh8 17. h5 gxh5 18. Rxh5+ Nh6 19. Nf7+ Rxf7 20. Bxh6 Kg8 21. Qxg4 Kf8 22. Qxg7+ Rxg7 23. Bxg7+ Kxg7 24. Rg1+ Kf8 25. Rh8# 1-0


[Site "https://www.chess.com"]

[Event "Titled Tuesday Blitz December 13 Late 2022"]
[White "Melkumyan, Hrant"]
[Black "Di Berardino, Diego Rafael"]
[WhiteFideId "13302485"]
[BlackFideId "2105446"]
[WhiteElo "2604"]
[BlackElo "2441"]
[Result "1-0"]
[Round "04"]
[TimeControl "180+1"]
[Date "2022.12.13"]
[WhiteClock "0:01:34"]
[BlackClock "0:00:10"]

1. d4 d5 2. c4 e6 3. Nc3 Be7 4. Bf4 Nf6 5. e3 O-O 6. Rc1 a6 7. Nf3 b6 8. cxd5 exd5 9. Bd3 Be6 10. O-O c5 11. dxc5 bxc5 12. Qa4 Nbd7 13. Rfd1 Qb6 14. Qc2 h6 15. h3 Rfc8 16. b3 c4 17. bxc4 dxc4 18. Bf1 Nc5 19. Nd4 Bd7 20. Nf5 Bxf5 21. Qxf5 Nd3 22. Bxd3 cxd3 23. Qxd3 Qa5 24. Rc2 Rd8 25. Qe2 Rxd1+ 26. Qxd1 Rc8 27. Qd3 Qc5 28. Qxa6 Ne4 29. Nd5 Qxc2 30. Qxc8+ Qxc8 31. Nxe7+ 1-0


[Site "https://www.chess.com"]

[Event "Titled Tuesday Blitz December 13 Late 2022"]
[White "Mickiewicz, Piotr"]
[Black "Barria Zuniga, Daniel"]
[WhiteFideId "1114891"]
[BlackFideId "3400816"]
[WhiteElo "2246"]
[BlackElo "2414"]
[Result "0-1"]
[Round "04"]
[TimeControl "180+1"]
[Date "2022.12.14"]
[WhiteClock "0:00:08"]
[BlackClock "0:00:36"]

1. c4 g6 2. g3 Bg7 3. Bg2 e5 4. d3 Ne7 5. Nf3 O-O 6. O-O c6 7. e4 d5 8. Qc2 h6 9. Nc3 Be6 10. b3 d4 11. Na4 b6 12. Ba3 Re8 13. b4 Kh7 14. Rab1 Nd7 15. Nd2 Rc8 16. f4 f5 17. Rbe1 b5 18. Nc5 Nxc5 19. bxc5 a5 20. fxe5 b4 21. Bc1 Qd7 22. exf5 Nxf5 23. Ne4 Ne3 24. Rxe3 dxe3 25. Nd6 Bxe5 26. Bxe3 Bxd6 27. cxd6 Qxd6 28. Be4 Bf5 29. Rxf5 gxf5 30. Bxf5+ Kg8 31. c5 Qd5 32. Be4 Rxe4 33. dxe4 Qe6 34. Bf4 Rd8 35. Qe2 Rd4 36. e5 a4 37. Kg2 b3 38. axb3 axb3 39. h4 Rc4 40. Qd3 Qd5+ 41. Qxd5+ cxd5 42. e6 b2 43. Be5 b1=Q 0-1


[Site "https://www.chess.com"]

[Event "Titled Tuesday Blitz December 13 Late 2022"]
[White "Mikhalsky, Vladimir"]
[Black "Forgacs, Attila Jr."]
[WhiteFideId "14144352"]
[BlackFideId "773654"]
[WhiteElo "2272"]
[BlackElo "2168"]
[Result "0-1"]
[Round "04"]
[TimeControl "180+1"]
[Date "2022.12.14"]
[WhiteClock "0:00:20"]
[BlackClock "0:00:23"]

1. d4 Nf6 2. c4 d6 3. Nc3 Nbd7 4. e4 e5 5. d5 Nc5 6. f3 a5 7. Be3 Be7 8. Qd2 O-O 9. g4 h5 10. g5 Nh7 11. h4 g6 12. O-O-O b6 13. Kb1 a4 14. Nh3 Re8 15. Nb5 Bd7 16. Qc2 Bxb5 17. cxb5 a3 18. b3 Bf8 19. Nf2 Bg7 20. Rg1 Nf8 21. Nd3 f5 22. gxf6 Qxf6 23. Qf2 Re7 24. Bg5 Qf7 25. Bxe7 Qxe7 26. Nxc5 bxc5 27. Bh3 Qf6 28. Qg3 Rb8 29. Bf1 Kh7 30. Be2 Bh6 31. Qe1 Bf4 32. Qa5 Qf7 33. Qxa3 Nd7 34. Qa7 Rc8 35. Qb7 Nb6 36. Bf1 Be3 37. Bh3 Bxg1 38. Bxc8 Bd4 39. Be6 Qxf3 40. Qxc7+ Kh6 41. Re1 Qc3 42. Re2 Qa1+ 43. Kc2 Qxa2+ 44. Kd1 Qxb3+ 45. Rc2 Qf3+ 46. Kc1 Qf1+ 47. Kd2 Qf2+ 48. Kd1 Qf1+ 49. Kd2 Nc4+ 50. Rxc4 Qxc4 51. Qxd6 Qc3+ 52. Ke2 Qe3+ 53. Kd1 Qd3+ 54. Kc1 Be3+ 55. Kb2 Qxb5+ 56. Kc2 Qc4+ 57. Kb2 Bd4+ 58. Kb1 Qb3+ 59. Kc1 Be3# 0-1


[Site "https://www.chess.com"]

[Event "Titled Tuesday Blitz December 13 Late 2022"]
[White "Milikow, Yoav"]
[Black "Kupervaser, Erez"]
[WhiteFideId "2822237"]
[BlackFideId "2814587"]
[WhiteElo "2416"]
[BlackElo "2251"]
[Result "1-0"]
[Round "04"]
[TimeControl "180+1"]
[Date "2022.12.14"]
[WhiteClock "0:00:15"]
[BlackClock "0:00:10"]

1. d4 d5 2. c4 c6 3. Nf3 Nf6 4. g3 dxc4 5. Bg2 g6 6. O-O Bg7 7. Na3 O-O 8. Nxc4 Be6 9. Nce5 Bd5 10. Qc2 Be4 11. Qb3 Qc8 12. Bd2 Nbd7 13. Qa3 Re8 14. Rac1 Nxe5 15. dxe5 Nd5 16. Qa4 Bxf3 17. Bxf3 Qe6 18. Qb3 Rab8 19. Bxd5 Qxd5 20. Qxd5 cxd5 21. f4 Rbc8 22. Be3 b6 23. Rfd1 e6 24. Bd4 Bf8 25. Kf2 Bc5 26. Ke3 Kf8 27. Rc3 Bb4 28. Rb3 Bc5 29. Rd2 Ke7 30. Kd3 Kd7 31. e3 Be7 32. g4 Rc4 33. Rc3 Rec8 34. Rg2 Rxc3+ 35. Bxc3 b5 36. Bd4 a5 37. Bc3 b4 38. Bd2 a4 39. b3 axb3 40. axb3 Kc6 41. Rg1 Kb5 42. Ra1 Bc5 43. h4 Rd8 44. h5 gxh5 45. g5 d4 46. e4 Rd7 47. Rh1 Ra7 48. Rxh5 Ra3 49. Rxh7 Rxb3+ 50. Kc2 Rf3 51. Rxf7 Kc4 52. Rc7 b3+ 53. Kd1 Rf2 54. Bc1 Kd3 55. Ke1 Rc2 56. Kd1 Kc4 57. Ba3 Kd3 58. Rxc5 Rg2 59. Kc1 Rg1+ 60. Kb2 Rg2+ 61. Kxb3 Kxe4 62. Bb2 Kxf4 63. Bxd4 Rxg5 64. Kc4 Ke4 65. Bc3 Rg2 66. Rb5 Kf5 67. Rb2 Rg4+ 68. Kd3 Re4 69. Rf2+ Rf4 70. Rxf4+ Kxf4 71. Kd4 Kf5 72. Kc5 Ke4 73. Kd6 Kf5 74. Ba1 Kg6 75. Kxe6 1-0


[Site "https://www.chess.com"]

[Event "Titled Tuesday Blitz December 13 Late 2022"]
[White "Nasuta, Grzegorz"]
[Black "Grigoriants, Sergey"]
[WhiteFideId "1141686"]
[BlackFideId "4130804"]
[WhiteElo "2441"]
[BlackElo "2502"]
[Result "1-0"]
[Round "04"]
[TimeControl "180+1"]
[Date "2022.12.13"]
[WhiteClock "0:00:46"]
[BlackClock "0:00:09"]

1. e4 c5 2. Nf3 e6 3. d4 cxd4 4. Nxd4 Nc6 5. Nc3 a6 6. a3 d6 7. g4 Nge7 8. Be3 b5 9. g5 Bb7 10. Rg1 Rc8 11. Qd2 Nxd4 12. Bxd4 Nc6 13. Be3 Ne5 14. Rg3 Be7 15. O-O-O O-O 16. f4 Nc4 17. Bxc4 Rxc4 18. f5 Re8 19. fxe6 fxe6 20. g6 Bf6 21. gxh7+ Kh8 22. Bg5 Bxe4 23. Nxe4 Rxe4 24. Bxf6 Qxf6 25. Qxd6 Rh4 26. Qxa6 Rxh2 27. Rc3 b4 28. axb4 Qf4+ 29. Kb1 Qxb4 30. Rc8 Rxc8 31. Qxc8+ Kxh7 32. Qxe6 Qc5 33. Qe4+ Kg8 34. Rd8+ Kf7 35. Qf4+ Ke7 36. Qf8+ 1-0


[Site "https://www.chess.com"]

[Event "Titled Tuesday Blitz December 13 Late 2022"]
[White "Novikova, Galina"]
[Black "Yuan, Qingyu"]
[WhiteFideId "4157095"]
[BlackFideId "8609772"]
[WhiteElo "1953"]
[BlackElo "2359"]
[Result "0-1"]
[Round "04"]
[TimeControl "180+1"]
[Date "2022.12.14"]
[WhiteClock "0:01:14"]
[BlackClock "0:01:42"]

1. e4 e5 2. Nf3 Nc6 3. d4 exd4 4. Nxd4 Nf6 5. Nxc6 bxc6 6. Qe2 Bc5 7. Nc3 O-O 8. Bg5 h6 9. Bh4 d6 10. O-O-O Qe7 11. f3 Re8 12. g4 Rb8 13. Bf2 Qe5 14. Bxc5 Qxc5 15. Qc4 Qb6 16. b3 Be6 17. Qd4 c5 18. Qf2 Qb4 19. Qd2 c4 20. Nd5 Nxd5 21. exd5 c3 0-1


[Site "https://www.chess.com"]

[Event "Titled Tuesday Blitz December 13 Late 2022"]
[White "Oro, Faustino"]
[Black "Szyszylo, Rafal"]
[WhiteFideId "20000197"]
[BlackFideId "1109626"]
[WhiteElo "1984"]
[BlackElo "1981"]
[Result "1-0"]
[Round "04"]
[TimeControl "180+1"]
[Date "2022.12.14"]
[WhiteClock "0:00:11"]
[BlackClock "0:00:14"]

1. e4 d6 2. d4 Nf6 3. Nc3 g6 4. f4 Bg7 5. Nf3 O-O 6. Bd3 Na6 7. O-O c5 8. d5 Bg4 9. Be3 Nb4 10. Bc4 Nd7 11. a3 Nb6 12. Bb3 Na6 13. Qd2 Bxf3 14. Rxf3 c4 15. Ba2 Nc5 16. Raf1 Rc8 17. Bd4 Bxd4+ 18. Qxd4 Nca4 19. Ne2 Qc7 20. Kh1 Qc5 21. Qd2 Nxb2 22. f5 N6a4 23. Rh3 f6 24. Qh6 Kf7 25. Nf4 Ke8 26. Ne6 Qb5 27. Qxf8+ Kd7 28. Qf7 c3 29. Rg1 Qe2 30. Rxh7 Re8 31. Nf8+ Kd8 32. Nxg6 Nd1 33. h3 Nf2+ 34. Kh2 Nxe4 35. Nxe7 Kc7 36. Nc6+ Kb6 37. Qxb7+ Kc5 38. Qb4# 1-0


[Site "https://www.chess.com"]

[Event "Titled Tuesday Blitz December 13 Late 2022"]
[White "Pace, Christopher"]
[Black "Fernandez De La Vara, Arnaldo"]
[WhiteFideId "2610167"]
[BlackFideId "3518388"]
[WhiteElo "2300"]
[BlackElo "2387"]
[Result "0-1"]
[Round "04"]
[TimeControl "180+1"]
[Date "2022.12.14"]
[WhiteClock "0:00:01"]
[BlackClock "0:02:27"]

1. e4 c5 2. Nf3 e6 3. d4 cxd4 4. Nxd4 a6 5. Nc3 Qc7 6. Be2 Nf6 7. Be3 d6 8. O-O Nbd7 9. f4 b5 10. Bf3 Bb7 11. f5 e5 12. Nde2 Nb6 13. a4 b4 14. Na2 d5 15. exd5 e4 16. Nd4 exf3 17. Nc6 Nbxd5 0-1


[Site "https://www.chess.com"]

[Event "Titled Tuesday Blitz December 13 Late 2022"]
[White "Petrovic, Aleksa"]
[Black "Osmonbekov, Talaibek"]
[WhiteFideId "967629"]
[BlackFideId "2017253"]
[WhiteElo "2230"]
[BlackElo "2135"]
[Result "1/2-1/2"]
[Round "04"]
[TimeControl "180+1"]
[Date "2022.12.14"]
[WhiteClock "0:00:11"]
[BlackClock "0:00:17"]

1. d4 e6 2. c4 f5 3. Nf3 Nf6 4. g3 Be7 5. Bg2 O-O 6. O-O d6 7. Nc3 a5 8. Re1 Ne4 9. Qc2 Nxc3 10. bxc3 Nc6 11. d5 Ne5 12. Nd4 Nxc4 13. Nxe6 Bxe6 14. dxe6 d5 15. Rd1 c6 16. e4 fxe4 17. Bxe4 Bc5 18. Bxh7+ Kh8 19. Bf4 Rxf4 20. gxf4 Qh4 21. Bd3 Qg4+ 22. Kh1 Qf3+ 23. Kg1 Rf8 24. Bxc4 Rxf4 25. e7 Bxf2+ 26. Kf1 Be3+ 27. Ke1 Bf2+ 28. Kf1 Bg3+ 29. Kg1 Bf2+ 30. Kf1 1/2-1/2


[Site "https://www.chess.com"]